 Dungeon Crawl Stone Soup version 0.29-a0-993-g4a18f31a58 (webtiles) character file.

Game seed: 12788474634505274773

10 zeratav the Stinger (level 2, 0/17 HPs)
             Began as an Octopode Venom Mage on Aug 2, 2022.
             Slain by a kobold
             ... wielding a +0 whip
              (2 damage)
             ... on level 2 of the Dungeon.
             The game lasted 00:00:14 (95 turns).

zeratav the Stinger (Octopode Venom Mage)             Turns: 95, Time: 00:00:15

Health: 0/17       AC:  1    Str:  7    XL:     2   Next: 20%
Magic:  1/5        EV: 13    Int: 17    God:
Gold:   38         SH:  0    Dex: 12    Spells: 4/5 levels left

rFire   . . .      SeeInvis .   (no weapon)
rCold   . . .      Faith    .   (no shield)
rNeg    . . .      Spirit   .   (helmet restricted)
rPois   .          Reflect  .   (no amulet)
rElec   .          Harm     .   (no ring)
rCorr   .          Rampage  .   (no ring)
Will    .....                   (no ring)
Stlth   +++.......              (no ring)
HPRegen 0.05/turn               (no ring)
MPRegen 0.09/turn               (no ring)
                                (no ring)
                                (no ring)

@: no status effects
A: almost no armour, amphibious, 8 rings, camouflage 1, gelatinous body 1,
(nimble swimmer 1), tentacles
a: no special abilities


You were on level 2 of the Dungeon.
You visited 1 branch of the dungeon, and saw 2 of its levels.

You collected 38 gold pieces.


Innate Abilities, Weirdness & Mutations

You cannot wear most types of armour.
You are amphibious.
You can wear up to eight rings at the same time.
Your skin changes colour to match your surroundings (Stealth+).
Your rubbery body absorbs attacks. (AC +1, EV +1)
((You are camouflaged when in or above water. (Stealth+)))
You have tentacles for arms and can constrict up to eight enemies at once.


   Skills:
 - Level 2.0 Dodging
 + Level 3.4 Stealth
 - Level 2.0 Spellcasting
 - Level 1.0 Transmutations
 + Level 4.0 Poison Magic


You had 4 spell levels left.
You knew the following spells:

 Your Spells              Type           Power      Damage    Failure   Level
a - Sting                 Tmut/Pois      40%        1d5       7%          1

Your spell library contained the following spells:

 Spells                   Type           Power      Damage    Failure   Level
 Poisonous Vapours        Pois/Air       16%        N/A       13%         2
 Mephitic Cloud           Conj/Pois/Air  6%         N/A       32%         3
 Olgreb's Toxic Radiance  Pois           15%        N/A       36%         4

Inventory:

Potions
 a - a potion of magic
 b - a potion of brilliance {unknown}

Dungeon Overview and Level Annotations

Branches:
Dungeon (1/15) Zot: 11904

Altars:

#.# ## #########.## #.#
#. #..........$# #.####.
#...........# #.#.... .
#.........!.# #.#....
..##...........# #.#....
.....?.........# #.#.#..
..#...K........###.#.#..
......†@................
..##...........#..##.#..
#.............##..##.#..
..............##..##.#..
.....######...##..##.#..
..... #...##.....#..
.... ##+###.#####.# ....
#.. ... ## #.#


You could see a kobold.


Message History

Press ? for a list of commands and other information.
Found a staircase leading out of the dungeon.
You open the door.
A sourceless malevolence fills the Dungeon...
You fall into a shaft and drop 1 floor!
The shaft crumbles and collapses.
An endoplasm comes into view.
An endoplasm is nearby!
The sting hits the endoplasm.
The endoplasm partially resists.
The endoplasm quivers.
MP[-1]
You lost 1 mp, and now have 2/3 mp.
The sting hits the endoplasm.
The endoplasm partially resists.
The endoplasm is poisoned.
MP[-1]
You lost 1 mp, and now have 1/3 mp.
The sting hits the endoplasm.
The endoplasm partially resists.
The endoplasm barely misses you.
MP[-1]
You lost 1 mp, and now have 0/3 mp.
You are out of magic!
You are out of magic!
You tentacle-slap the endoplasm.
You kill the endoplasm!
No target in view!
You now have 13 gold pieces.
b - a red potion MP[+3]
Your mp is fully restored (3).
You now have 23 gold pieces (gained 10).
You now have 38 gold pieces (gained 15).
A kobold comes into view. It is wielding a +0 whip.
A kobold is nearby!
An adder comes into view.
The sting hits the adder.
The adder is poisoned.
The adder bites you but does no damage.
MP[-1]
You lost 1 mp, and now have 2/3 mp.
The sting hits the adder but does no damage.
The adder looks even sicker.
The adder barely misses you.
MP[-1]
You lost 1 mp, and now have 1/3 mp.
The sting hits the adder but does no damage.
The adder looks even sicker.
The adder barely misses you. The adder bites you.
HP[-1] MP[-1]
You take 1 damage, and now have 10/11 hp.
You lost 1 mp, and now have 0/3 mp.
You are out of magic!
You are out of magic!
You tentacle-slap the adder but do no damage.
Your grab misses the adder. The adder closely misses you.
You tentacle-slap the adder but do no damage.
Your grab misses the adder. The adder closely misses you.
You tentacle-slap the adder. Your grab misses the adder. The adder misses you.
The kobold barely misses you.
You completely miss the adder. Your grab misses the adder.
The adder bites you. x2
The kobold misses you.
HP[-4]
You take 4 damage, and now have 6/11 hp.
MASSIVE DAMAGE!! (PAUSE)
You closely miss the adder. Your grab misses the adder.
Your squeeze misses the adder. The adder closely misses you.
The kobold completely misses you.
You tentacle-slap the adder but do no damage.
You grab the adder.
You constrict the adder, but do no damage.
The adder closely misses you. The kobold closely misses you.
You barely miss the adder. You constrict the adder.
The adder closely misses you. x2; The kobold hits you with a +0 whip.
* * * LOW HITPOINT WARNING * * *
You are too injured to fight recklessly!
HP[-5]
You take 5 damage, and now have 1/11 hp.
MASSIVE DAMAGE!! (PAUSE)
You are too injured to fight recklessly!
You are too injured to fight recklessly!
You are too injured to fight recklessly!
You are too injured to fight recklessly!
You are too injured to fight recklessly!
You are too injured to fight recklessly!
You are too injured to fight recklessly!
You tentacle-slap the adder but do no damage.
You squeeze the adder.
You kill the adder!
The kobold completely misses you.
Your Stealth skill increases to level 3!
Your Poison Magic skill increases to level 4!
You have reached level 2!
HP[+1]
You now have 17 max hp (+6).
You tentacle-slap the kobold but do no damage.
Your grab misses the kobold. The kobold closely misses you.
MP[+1]
You closely miss the kobold. You grab the kobold.
You constrict the kobold, but do no damage.
The kobold hits you but does no damage.
You tentacle-slap the kobold but do no damage.
You constrict the kobold, but do no damage.
The kobold hits you with a +0 whip.
You die...

Skill      XL: |  1 |
---------------+----+-----
Stealth        | 3 |  3.4
Poison Magic   | 4 |  4.0
Dodging        | |  2.0
Spellcasting   | |  2.0
Transmutations | |  1.0

Action                   || total
-------------------------++-------
Melee: Unarmed           ||    12
       Constrict         ||     2
       Tentacles         ||     1
 Cast: Sting             ||     6
Armor: Skin              ||     2
Dodge: Dodged            ||    16

Levels and vault maps discovered:
D:1:      minmay_arrival_stair_chambers, layout_basic, serial_shops,
          nicolae_shop_statue_plus, nicolae_eternal_life,
          kennysheep_another_room, roderic_lattice_a, nicolae_figureground_pulse
D:2:      minmay_chambers_of_twos, layout_basic,
          hellmonk_ecumenical_altar_slurped_away

Notes
Turn   | Place    | Note
-------+----------+-------------------------------------------
     0 | D:1      | zeratav the Octopode Venom Mage began the quest for the
                  | Orb.
     0 | D:1      | Reached XP level 1. HP: 11/11 MP: 3/3
     0 | D:1      | magus.rc [v1.9.6]
     2 | D:1      | You fall into a shaft and drop 1 floor!
    91 | D:2      | HP: 1/11 [kobold/+0 whip (5)]
    93 | D:2      | Reached skill level 3 in Stealth
    93 | D:2      | Reached skill level 4 in Poison Magic
    93 | D:2      | Reached XP level 2. HP: 2/17 MP: 0/5
    95 | D:2      | Slain by a kobold

Vanquished Creatures
  An adder (D:2)
  An endoplasm (D:2)
2 creatures vanquished.

Table legend:
 A = Non-vault XP
 B = Vault XP
 C = Vault XP percentage of total XP
 D = Non-vault monster count
 E = Vault monster count
 F = Vault count percentage of total count
                 A         B        C        D         E       F
            +---------+---------+-------+---------+---------+-------
      Total |      15 |       0 |   0.0 |       2 |       0 |   0.0
            +---------+---------+-------+---------+---------+-------
        D:2 |      15 |       0 |   0.0 |       2 |       0 |   0.0
            +---------+---------+-------+---------+---------+-------

Illustrated notes

Table legend:
 A = Kills in this place as a percentage of kills in entire the game.
 B = Kills by you in this place as a percentage of kills by you in the entire game.
 C = Kills by friends in this place as a percentage of kills by friends in the entire game.
 D = Other kills in this place as a percentage of other kills in the entire game.
 E = Experience gained in this place as a percentage of experience gained in the entire game.
 F = Experience gained in this place divided by the number of levels of this place that you have seen.
                   A       B       C       D       E      F
               +-------+-------+-------+-------+-------+----------------------
         Total | 100.0 | 100.0 |   N/A |   N/A | 100.0 |   7.5
       Dungeon | 100.0 | 100.0 |   N/A |   N/A | 100.0 |   7.5
               +-------+-------+-------+-------+-------+----------------------

Table legend: (Time is in decaauts)
 A = Elapsed time spent in this place.
 B = Non-inter-level travel time spent in this place.
 C = Inter-level travel time spent in this place.
 D = Time resting spent in this place.
 E = Time spent auto-exploring this place.
 F = Levels seen in this place.
 G = Mean time per level.
                   A        B        C        D        E       F      G
               +--------+--------+--------+--------+--------+-----+--------+
         Total |     94 |     94 |      0 |      0 |     67 |   2 |   47.0 |
       Dungeon |     94 |     94 |      0 |      0 |     67 |   2 |   47.0 |
               +--------+--------+--------+--------+--------+-----+--------+

Top non-repeatable levels by time:
     D:2: 92 daAuts
     D:1: 2 daAuts
